 Dungeon Crawl Stone Soup version 0.22-a0-803-gd6d8abe (webtiles) character file.

163 seren the Ducker (level 5, -7/61 HPs)
             Began as a Human Wanderer on July 22, 2018.
             Mangled by a wyvern (10 damage)
             ... on level 3 of the Dungeon.
             The game lasted 00:07:55 (2400 turns).

seren the Ducker (Human Wanderer)                   Turns: 2400, Time: 00:07:56

Health: -7/61      AC:  5    Str: 20    XL:     5   Next: 73%
Magic:  6/6        EV: 12    Int: 12    God:
Gold:   159        SH:  0    Dex: 11    Spells: 6/6 levels left

rFire    . . .     SeeInvis .   a - +1 dagger (venom)
rCold    . . .     Gourm    .   (no shield)
rNeg     . . .     Faith    .   l - +0 ring mail
rPois    .         Spirit   .   (no helmet)
rElec    .         Reflect  .   (no cloak)
rCorr    .         Harm     .   (no gloves)
MR       .....                  (no boots)
Stlth    ..........             (no amulet)
HPRegen  0.20/turn              (no ring)
MPRegen  0.10/turn              (no ring)

@: berserking, very quick
A: no striking features
a: no special abilities


You were on level 3 of the Dungeon.
You were not hungry.

You visited 1 branch of the dungeon, and saw 3 of its levels.

You collected 159 gold pieces.

Inventory:

Hand Weapons
 a - a +1 dagger of venom (weapon)
 b - a +0 hunting sling
 w - a +0 whip
Missiles
 g - 87 stones (quivered)
 q - 8 curare-tipped needles
Armour
 l - a +0 ring mail (worn)
 r - a +0 scale mail
Scrolls
 c - 2 scrolls of identify {unknown}
 h - a scroll of magic mapping
 j - 4 scrolls of remove curse
 k - a scroll of amnesia {unknown}
 t - a scroll of enchant armour {unknown}
 u - a scroll of random uselessness {unknown}
 x - a scroll of immolation {unknown}
Potions
 m - a potion of resistance {unknown}
 n - a potion of agility {unknown}
 o - a potion of flight {unknown}
 p - a potion of heal wounds {unknown}
 s - a potion of brilliance {unknown}
Comestibles
 f - 4 rations
 v - 4 chunks of flesh


   Skills:
 + Level 3.5 Fighting
 * Level 0.7 Maces & Flails
 + Level 0.1 Armour
 - Level 4.0 Dodging
 - Level 3.0 Stealth
   Level 1.0 Shields
 - Level 1.0 Spellcasting
   Level 2.0 Transmutations


You had 6 spell levels left.
You didn't know any spells.
Your spell library was empty.

Dungeon Overview and Level Annotations

Branches:
Dungeon (3/15)

Altars:

Annotations:
D:1 exclusion: 2 downstairs
D:2 Terence


Message History

You hit the wyvern.
The wyvern is moderately wounded.
The wyvern bites you but does no damage.
You hit the wyvern.
The wyvern looks as sick as possible!
The wyvern is heavily wounded.
The wyvern bites you.
* * * LOW HITPOINT WARNING * * *
The wyvern bites you.
* * * LOW HITPOINT WARNING * * *
It was a potion of cancellation.
Your magical effects are unravelling.
You feel magically purged.
You feel less wooden.
Your +0 ring mail unmelds from your body.
The wyvern closely misses you.
It was a potion of berserk rage.
A red film seems to cover your vision as you go berserk!
You feel yourself moving faster!
You feel mighty! The wyvern closely misses you. The wyvern bites you!
You die...

#. .<. .. #..
... .. ##.. #.#
.# ..........#
#...#.#..# #.
..o..
..##..##l#######
.........@.....#
#####.###.####.#
# #.# #.# #.#
#.# #.#######
#.#
........###.# .
............#


You could see a wyvern and an orc.

Vanquished Creatures
  An ogre (D:1)
  An adder (D:2)
  An ooze (D:2)
  2 worms
  An orc (D:2)
  2 giant cockroaches
  7 goblins
  3 hobgoblins (D:1)
  7 jackals (D:2)
  A ball python (D:2)
  13 bats
  3 frilled lizards (D:1)
  4 kobolds
  15 rats
61 creatures vanquished.

Notes
Turn   | Place    | Note
-------+----------+-------------------------------------------
     0 | D:1      | seren the Human Wanderer began the quest for the Orb.
     0 | D:1      | seren set off with: a +2 dagger, a scroll of fear, a +0 spear, a potion of lignification, a +0 robe, a ration
     0 | D:1      | Reached XP level 1. HP: 15/15 MP: 2/2
   141 | D:1      | Reached XP level 2. HP: 11/21 MP: 3/3
   556 | D:1      | Reached XP level 3. HP: 27/27 MP: 4/4
  1181 | D:2      | Noticed Terence
  1430 | D:2      | Noticed an ogre
  1451 | D:1      | Killed an ogre
  1451 | D:1      | Reached skill level 3 in Dodging
  1451 | D:1      | Reached XP level 4. HP: 35/35 MP: 5/5
  1451 | D:1      | Reached XP level 5. HP: 41/41 MP: 6/6
  2168 | D:2      | Reached skill level 4 in Dodging
  2387 | D:3      | Noticed a wyvern
  2400 | D:3      | Mangled by a wyvern

Vault maps used:
D:1:      dpeg_arrival_signposts, minmay_rat_gold_closets
D:2:      first_ration, uniq_terence
D:3:      chequers_ecumenical_altar_grove, gammafunk_ghost_smash

Skill      XL: |  1  2  3  4  5 |
---------------+----------------+-----
Fighting       | 2 3 |  3.5
Dodging        | 3 4 |  4.0
Maces & Flails | |  0.7
Armour         | |  0.1
Stealth        | |  3.0
Shields        | |  1.0
Spellcasting   | |  1.0
Transmutations | |  2.0

Action                   |  1- 3 |  4- 6 || total
-------------------------+-------+-------++-------
Melee: Dagger            |    87 |    87 ||   174
  Use: Scroll            |     1 |     2 ||     3
       Potion            |       |     3 ||     3
 Stab: Sleeping          |     8 |       ||     8
  Eat: Ration            |     1 |       ||     1
       Chunk             |       |     1 ||     1
Armor: Robe              |    25 |       ||    25
       Leather armour    |    19 |       ||    19
       Ring mail         |       |    32 ||    32
       Skin              |       |     3 ||     3
Dodge: Dodged            |    80 |    63 ||   143

Table legend:
 A = Spawn XP
 B = Non-spawn XP
 C = Spawn XP percentage of total XP
 D = Spawn monster count
 E = Non-spawn monster count
 F = Spawn count percentage of total count
 G = Total turns spent on level
                    A         B        C        D         E        F      G
               +---------+---------+-------+---------+---------+-------+---------
         Total |       0 |     234 |   0.0 |       0 |      61 |   0.0 |  2400
               +---------+---------+-------+---------+---------+-------+---------
           D:1 |       0 |     167 |   0.0 |       0 |      36 |   0.0 |  1561
           D:2 |       0 |      62 |   0.0 |       0 |      23 |   0.0 |   771
           D:3 |       0 |       5 |   0.0 |       0 |       2 |   0.0 |    68
               +---------+---------+-------+---------+---------+-------+---------
